Map: 莱瑞拉克之冠

Players

shengy - Winner!

  • Race: Zerg Zerg
  • League: Platinum

Sonny

  • Race: Zerg Zerg
  • League: Master

VOD

Have the link to the VOD?

Description

Time

  • Played on: Dec. 30, 2015, 1:08 a.m.
  • Length: 16:18
Show
View Real Time Build Order
Export as new Build Order

shengy Zerg - Winner!

Build Orders: Hatch First, Lurkers 

Get SALT Encoding   

  12  0:01  Drone  
  13  0:10  Drone  
  14  0:15  Extractor  
  14  0:16  Drone  
  15  0:22  Overlord  
  15  0:40  Drone x2  
  17  0:44  Drone  
  18  0:59  Drone  
  18  1:00  Hatchery  
  19  1:11  Drone  
  19  1:16  Drone  
  20  1:31  Drone  
  21  1:34  Spawning Pool  
  21  1:36  Extractor  
  21  1:38  Drone  
  20  1:54  Overlord  
  20  2:28  Zergling x6  
  23  2:30  Queen  
  23  2:31  Queen  
  23  2:36  Metabolic Boost  
  27  2:41  Drone x4  
  31  2:57  Overlord  
  31  2:59  Drone x2  
  31  3:04  Evolution Chamber  
  32  3:06  Drone  
  32  3:07  Drone, Extractor  
  32  3:11  Queen  
  32  3:12  Overlord  
  35  3:29  Spine Crawler  
  35  3:33  Zerg Ground Armor Level 1  
  34  3:37  Drone x2  
  36  3:46  Drone x3  
  39  3:50  Baneling Nest  
  39  3:52  Zergling x10  
  39  3:53  Zergling x2  
  32  4:25  Zergling x2  
  32  4:26  Zergling x14  
  35  4:49  Baneling x3  
  35  4:50  Baneling  
  26  5:16  Zergling x2  
  26  5:17  Zergling x2  
  26  5:25  Queen  
  27  5:30  Roach Warren, Lair  
  27  5:33  Drone x3  
  29  5:40  Baneling x3  
  29  5:41  Baneling  
  29  5:42  Baneling  
  29  5:48  Drone x2  
  29  5:49  Drone x3  
  34  5:52  Drone  
  35  6:08  Overlord x2  
  35  6:18  Baneling  
  34  6:28  Roach  
  34  6:29  Roach x4  
  43  6:35  Baneling x2  
  43  6:38  Roach  
  43  6:39  Queen  
  47  6:44  Roach  
  49  7:06  Drone x6  
  55  7:21  Glial Reconstitution  
  55  7:22  Zerg Missile Weapons Level 1  
  55  7:24  Roach x3  
  61  7:41  Extractor, Overlord x3  
  59  7:53  Drone x6  
  63  8:06  Zergling x8  
  63  8:07  Zergling x4  
  69  8:17  Extractor  
  69  8:18  Drone x2  
  68  8:29  Drone x2  
  70  8:43  Roach x7  
  84  8:51  Hydralisk Den  
  83  8:56  Extractor  
  83  8:57  Hatchery  
  83  8:58  Baneling x4  
  83  9:02  Extractor  
  80  9:05  Drone x3  
  80  9:06  Drone  
  80  9:08  Drone x3  
  87  9:10  Overseer  
  85  9:38  Hydralisk x6  
  80  9:39  Hydralisk  
  80  9:56  Hydralisk x4  
  70  10:14  Spore Crawler x2  
  69  10:16  Muscular Augments, Hydralisk x2  
  72  10:29  Hydralisk x3  
  78  10:36  Zerg Missile Weapons Level 2  
  78  10:39  Overlord  
  78  10:55  Overlord x2  
  78  11:14  Overlord x4  
  78  11:20  Hatchery  
  78  11:22  Drone  
  78  11:23  Drone x5  
  75  11:34  Lurker Den  
  75  11:36  Zergling x4  
  77  11:52  Hydralisk x4  
  85  12:00  Drone  
  85  12:01  Drone x3  
  83  12:16  Drone x2  
  83  12:22  Baneling x3  
  85  12:32  Spore Crawler  
  85  12:33  Spore Crawler  
  85  12:35  Drone  
  84  12:42  Spore Crawler  
  84  12:44  Spore Crawler  
  80  12:46  Spore Crawler  
  71  13:03  Hydralisk  
  71  13:04  Hydralisk x5  
  53  13:37  Hydralisk x6  
  63  13:53  Queen  
  65  14:05  Zergling x2  
  65  14:07  Spore Crawler  
  65  14:24  Zergling x6  
  65  14:31  Lurker x6  
  73  14:32  Lurker  
  74  14:42  Drone  
  74  14:43  Drone  
  76  14:47  Zergling x6  
  76  14:48  Zergling x4  
  81  14:54  Hydralisk  
  77  15:21  Hydralisk  
  77  15:22  Hydralisk x5  
Show
View Real Time Build Order
Export as new Build Order

Sonny Zerg 

Build Orders: Pool First, Zergling Baneling 

Get SALT Encoding   

  12  0:01  Drone  
  13  0:14  Overlord  
  13  0:18  Drone  
  14  0:36  Spawning Pool  
  14  0:40  Drone, Extractor  
  13  0:45  Drone  
  14  0:50  Drone  
  14  0:54  Drone  
  16  1:04  Drone  
  17  1:13  Drone  
  18  1:23  Queen  
  20  1:26  Drone  
  21  1:34  Zergling x2  
  22  1:45  Metabolic Boost, Overlord  
  22  2:05  Drone  
  22  2:08  Drone  
  24  2:09  Hatchery  
  23  2:19  Drone  
  23  2:20  Baneling Nest  
  23  2:36  Zergling x2  
  24  2:42  Zergling x2  
  25  2:47  Queen  
  27  2:53  Zergling x2  
  28  3:00  Zergling x2  
  29  3:14  Zergling x2  
  30  3:20  Overlord  
  30  3:21  Zergling x2  
  30  3:22  Zergling x2  
  32  3:32  Zergling x2  
  32  3:33  Baneling  
  32  3:34  Baneling x4  
  33  3:41  Zergling x2  
  34  3:42  Overlord  
  34  3:43  Zergling x4  
  34  3:46  Lair  
  36  3:51  Overlord  
  35  4:08  Zergling x2  
  33  4:13  Baneling x5  
  33  4:15  Overlord, Zergling x4  
  32  4:17  Overlord  
  32  4:20  Zergling x6  
  32  4:21  Drone  
  36  4:24  Drone  
  36  4:28  Drone  
  36  4:30  Zergling x2  
  38  4:42  Zergling x2  
  38  4:43  Drone, Zergling x2  
  40  4:47  Zergling x4  
  40  4:52  Zergling x4  
  44  4:58  Zergling x6  
  47  5:04  Zergling x4  
  43  5:12  Zergling x2  
  33  5:16  Zergling x2  
  33  5:20  Spine Crawler  
  32  5:29  Zergling x2  
  32  5:35  Drone x2  
  31  5:36  Drone  
  31  5:39  Queen  
  31  5:42  Drone  
  36  5:46  Drone  
  37  5:52  Drone  
  37  5:53  Baneling  
  37  5:54  Baneling x3  
  38  6:03  Drone x2  
  40  6:08  Spine Crawler  
  38  6:20  Drone  
  38  6:21  Drone  
  40  6:30  Zergling x4  
  35  6:35  Drone x3  
  35  6:36  Drone  
  39  6:43  Drone x2  
  39  6:44  Roach Warren, Drone  
  41  6:47  Drone  
  42  6:55  Drone  
  42  6:57  Drone  
  42  7:00  Baneling  
  44  7:01  Baneling  
  44  7:05  Drone  
  44  7:07  Drone x3  
  48  7:10  Spine Crawler  
  48  7:11  Drone  
  48  7:14  Evolution Chamber  
  47  7:17  Drone  
  47  7:18  Spire  
  47  7:19  Extractor  
  47  7:21  Drone  
  47  7:27  Extractor  
  47  7:28  Extractor, Drone  
  46  7:32  Drone  
  46  7:35  Drone  
  46  7:36  Drone  
  49  7:37  Drone  
  49  7:41  Drone  
  50  7:45  Drone  
  50  7:48  Drone  
  52  7:52  Drone  
  52  7:54  Overlord x2  
  52  7:57  Drone  
  54  8:03  Drone  
  51  8:06  Drone  
  52  8:15  Roach  
  52  8:17  Roach  
  56  8:22  Queen  
  56  8:24  Roach  
  56  8:27  Roach  
  62  8:36  Mutalisk  
  62  8:37  Mutalisk  
  66  8:45  Mutalisk  
  68  8:50  Mutalisk  
  70  8:56  Mutalisk  
  70  8:59  Mutalisk  
  70  9:01  Mutalisk x2  
  78  9:10  Mutalisk  
  79  9:21  Mutalisk  
  81  9:26  Mutalisk  
  82  9:32  Zergling x2  
  82  9:33  Zergling x2  
  82  9:34  Zergling x4  
  83  9:38  Hatchery  
  83  9:41  Mutalisk  
  76  9:48  Mutalisk  
  71  10:06  Drone  
  70  10:08  Mutalisk  
  70  10:10  Queen, Drone x4  
  70  10:11  Drone x2  
  70  10:12  Queen, Drone  
  70  10:13  Drone  
  84  10:21  Overlord x2  
  84  10:28  Mutalisk  
  82  10:34  Overlord  
  83  10:51  Mutalisk  
  85  10:58  Drone  
  85  10:59  Drone x2  
  85  11:01  Spine Crawler  
  85  11:03  Mutalisk  
  89  11:04  Spine Crawler  
  86  11:17  Spine Crawler, Overlord  
  86  11:18  Drone, Spine Crawler  
  85  11:20  Drone  
  85  11:21  Drone x2  
  85  11:22  Drone  
  85  11:25  Spine Crawler  
  88  11:29  Mutalisk  
  86  11:33  Drone  
  86  11:37  Drone x3  
  86  11:38  Drone  
  91  11:42  Drone  
  92  11:51  Spine Crawler  
  91  11:55  Mutalisk  
  91  11:56  Drone  
  91  11:58  Mutalisk  
  91  11:59  Drone  
  92  12:15  Drone  
  92  12:16  Drone x2  
  92  12:17  Drone x2  
  92  12:21  Drone  
  98  12:24  Drone x2  
  100  12:30  Extractor  
  100  12:32  Extractor  
  100  12:34  Drone x2  
  100  12:36  Roach  
  102  12:42  Roach  
  102  12:43  Drone  
  97  13:01  Roach  
  97  13:02  Zergling x2, Roach  
  97  13:03  Zergling x2  
  97  13:05  Zergling x2, Roach  
  90  13:06  Zergling x2  
  90  13:07  Zergling x2  
  90  13:09  Roach  
  87  13:22  Zergling x4  
  87  13:23  Zergling x2  
  83  13:33  Drone x2  
  78  13:37  Drone x2  
  78  13:38  Drone  
  78  13:39  Drone  
  78  13:40  Drone x2  
  78  13:41  Spine Crawler, Drone  
  84  13:42  Spine Crawler  
  84  13:43  Drone  
  79  13:49  Drone x2  
  81  13:57  Drone x2  
  82  14:03  Drone  
  82  14:06  Drone x2  
  82  14:07  Drone  
  85  14:10  Drone  
  85  14:11  Drone, Overlord  
  87  14:20  Baneling  
  87  14:22  Drone x3  
  90  14:28  Hatchery  
  90  14:29  Drone  
  89  14:36  Overlord x2  
  89  14:37  Overlord x2  
  89  14:41  Mutalisk x3  
  95  14:46  Drone  
  95  14:47  Infestation Pit  
  95  14:52  Spine Crawler, Drone  
  95  14:54  Queen  
  95  14:55  Drone x2  
  99  15:02  Drone x2  
  101  15:14  Mutalisk x3  
  83  15:22  Mutalisk x2  
  83  15:23  Overlord x2  
  85  15:30  Mutalisk  
  85  15:32  Mutalisk  
  85  15:33  Mutalisk  
  89  15:35  Mutalisk  
  89  15:36  Mutalisk  
  89  15:37  Mutalisk  
Tags
 
Add a new tag
Caveats
  • Supply blocks, unpowered buildings, or Contaminate may cause inaccurate times.
  • Supply counts are checked every 10 seconds.